Map: Ascension to Aiur LE

Players

ZhuGeLiang

  • Race: Zerg Zerg
  • Spawn Location: 5:00

Stephano - Winner!

  • Race: Zerg Zerg
  • Spawn Location: 11:00

Event: WCS Valencia 2017

VOD

Have the link to the VOD?

Description

Time

  • Played on: July 13, 2017, 6:54 a.m.
  • Length: 4:33

All games in this series

Show
View Real Time Build Order
Export as new Build Order

ZhuGeLiang Zerg 

Build Orders: Hatch First, Zergling Baneling 

Get SALT Encoding   

  12  0:01  Drone  
  13  0:12  Overlord  
  13  0:17  Drone  
  14  0:30  Drone x2  
  14  0:35  Drone  
  17  0:51  Hatchery  
  17  0:54  Drone  
  17  0:58  Drone  
  17  1:04  Extractor  
  17  1:14  Spawning Pool  
  17  1:16  Drone  
  17  1:19  Drone  
  18  1:28  Drone  
  19  1:39  Overlord  
  19  2:00  Queen  
  19  2:01  Zergling x4  
  23  2:03  Queen, Metabolic Boost  
  23  2:06  Zergling x2  
  26  2:11  Drone  
  27  2:21  Zergling x2  
  27  2:22  Zergling x2  
  29  2:24  Baneling Nest  
  29  2:29  Zergling x2  
  29  2:42  Zergling x4  
  31  2:47  Overlord  
  31  2:48  Zergling x2  
  32  2:56  Zergling x2  
  33  3:06  Zergling x4  
  33  3:09  Baneling x5  
  33  3:12  Zergling x4  
  37  3:20  Baneling  
  37  3:24  Zergling x6  
  38  3:39  Zergling x2  
  38  3:40  Zergling x8  
  41  3:46  Zergling x2  
  38  3:50  Baneling x3  
  38  3:53  Zergling x2  
  38  3:59  Zergling x2  
  35  4:08  Zergling x6  
  37  4:15  Zergling x4  
Show
View Real Time Build Order
Export as new Build Order

Stephano Zerg - Winner!

Build Orders: Hatch First 

Get SALT Encoding   

  12  0:00  Drone  
  13  0:12  Overlord  
  13  0:17  Drone  
  14  0:30  Drone  
  14  0:31  Drone  
  14  0:35  Drone  
  17  0:51  Hatchery  
  17  0:55  Drone  
  17  0:57  Drone  
  17  0:59  Extractor  
  17  1:13  Spawning Pool  
  17  1:16  Drone  
  17  1:20  Drone  
  18  1:28  Drone  
  19  1:40  Overlord  
  19  1:59  Queen, Metabolic Boost  
  21  2:03  Queen  
  21  2:04  Zergling x4  
  21  2:07  Zergling x2  
  26  2:11  Drone  
  26  2:15  Drone  
  28  2:29  Drone x2  
  30  2:35  Queen  
  32  2:39  Drone  
  33  2:45  Baneling Nest  
  33  2:47  Overlord  
  33  2:48  Drone  
  33  2:49  Drone  
  34  3:05  Hatchery  
  33  3:07  Zergling x2  
  33  3:12  Zergling x4  
  36  3:16  Zergling x4  
  36  3:19  Zergling x2  
  40  3:20  Zergling x2  
  40  3:25  Zergling x4  
  42  3:30  Zergling x4  
  42  3:31  Baneling  
  41  3:36  Baneling  
  41  3:40  Zergling x2  
  41  3:41  Zergling x2  
  41  3:43  Baneling  
  39  3:49  Zergling x6  
  41  3:59  Zergling x4  
  41  4:00  Zergling x2  
  41  4:02  Baneling x2  
  43  4:03  Baneling  
  43  4:08  Zergling x2  
  42  4:11  Zergling x2  
  42  4:12  Zergling x2  
  43  4:20  Drone  
Tags
 
Add a new tag
Caveats
  • Supply blocks, unpowered buildings, or Contaminate may cause inaccurate times.
  • Supply counts are checked every 10 seconds.